 Dungeon Crawl Stone Soup version 0.26-a0-651-gb41185065b (webtiles) character file.

Game seed: 879770952819150216

229 HoaS the Shield-Bearer (level 6, -3/47 HPs)
             Began as a Formicid Fighter on Oct 3, 2020.
             Slain by an ice beast (4 damage)
             ... on level 3 of the Dungeon.
             The game lasted 00:06:52 (2361 turns).

HoaS the Shield-Bearer (Formicid Fighter)           Turns: 2361, Time: 00:06:53

Health: -3/47      AC:  9    Str: 23    XL:     6   Next: 23%
Magic:  6/6        EV:  6    Int:  7    God:
Gold:   291        SH: 10    Dex: 10    Spells: 5/5 levels left

rFire    . . .     SeeInvis +   a - +0 war axe
rCold    . . .     Faith    .   c - +0 kite shield
rNeg     + . .     Spirit   .   k - +0 chain mail {MR+}
rPois    .         Reflect  .   (helmet unavailable)
rElec    .         Harm     .   (no cloak)
rCorr    .         Rampage  .   (no gloves)
MR       +....                  (no boots)
Stlth    ..........             (no amulet)
HPRegen  0.15/turn              h - ring of positive energy
MPRegen  0.10/turn              (no ring)

@: no status effects
A: permanent stasis, dig shafts and tunnels, four strong arms, antennae 3
a: Dig, Shaft Self


You were on level 3 of the Dungeon.
You visited 1 branch of the dungeon, and saw 3 of its levels.

You collected 291 gold pieces.

Inventory:

Hand Weapons
 a - a +0 war axe (weapon)
Armour
 c - a +0 kite shield (worn)
 k - a +0 chain mail of magic resistance (worn)
Jewellery
 h - a ring of positive energy (left hand)
Wands
 j - a wand of disintegration (14)
Scrolls
 b - a scroll of identify
 e - 3 scrolls of remove curse
 i - a scroll of magic mapping {unknown}
Potions
 d - a potion of invisibility
 f - a potion of magic {unknown}
 g - a potion of flight {unknown}


   Skills:
 - Level 3.2 Fighting
 * Level 5.1 Axes
 - Level 3.2 Armour
 + Level 5.3 Shields


You had 5 spell levels left.
You didn't know any spells.
Your spell library was empty.

Dungeon Overview and Level Annotations

Branches:
Dungeon (3/15)

Altars:
Ashenzari
Fedhas
Nemelex Xobeh


Innate Abilities, Weirdness & Mutations

You cannot be hasted, slowed, berserked, paralysed or teleported.
You can dig through walls and to a lower floor.
Your four strong arms can wield two-handed weapons with a shield.
You have a pair of large antennae on your head. (SInv)


Message History

The ice beast is heavily wounded.
You block the ice beast's attack.
You barely miss the ice beast.
The ice beast is heavily wounded.
You block the ice beast's attack.
You hit the ice beast but do no damage.
The ice beast is heavily wounded.
You block the ice beast's attack.
You hit the ice beast.
The ice beast is severely wounded.
The ice beast hits you. The ice beast freezes you!
* * * LOW HITPOINT WARNING * * *
The ice beast hits you but does no damage.
You hit the ice beast.
The ice beast is almost dead.
You block the ice beast's attack.
You closely miss the ice beast.
The ice beast is almost dead.
The ice beast hits you.
You die...

.# ######.#.......#
.###..............#
>............######
####.........#
#......)..#
####.........+
#......)...^.#
#....###################
)....'..........@Y..?...
#....###################
#....# #....# #....#
#....# #....# #....#


You could see an ice beast.

Vanquished Creatures
  An orc wizard (D:3)
  Robin (D:2)
  6 gnolls
  3 adders
  3 worms
  2 dart slugs
  A leopard gecko (D:2)
  6 orcs (D:3)
  A ball python (D:2)
  6 bats
  2 giant cockroaches (D:1)
  15 goblins
  9 hobgoblins
  5 jackals
  2 quokkas (D:3)
  7 frilled lizards
  10 kobolds
  10 rats
90 creatures vanquished.

Vanquished Creatures (others)
  2 plants (D:2)
2 creatures vanquished.

Grand Total: 92 creatures vanquished

Notes
Turn   | Place    | Note
-------+----------+-------------------------------------------
     0 | D:1      | HoaS the Formicid Fighter began the quest for the Orb.
     0 | D:1      | Reached XP level 1. HP: 18/18 MP: 1/1
    90 | D:1      | Reached XP level 2. HP: 21/24 MP: 2/2
   235 | D:1      | Reached XP level 3. HP: 29/29 MP: 3/3
   481 | D:2      | Noticed Robin
   527 | D:2      | Killed Robin
   527 | D:2      | Reached XP level 4. HP: 16/35 MP: 4/4
   897 | D:2      | Found a blossoming altar of Fedhas.
   926 | D:2      | Found a sparkling altar of Nemelex Xobeh.
   935 | D:2      | Reached XP level 5. HP: 35/41 MP: 5/5
  1397 | D:3      | Reached skill level 5 in Shields
  1556 | D:3      | Found a broken altar of Ashenzari.
  1606 | D:3      | Reached XP level 6. HP: 40/47 MP: 6/6
  1627 | D:3      | Reached skill level 5 in Axes
  2343 | D:3      | Noticed an ice beast
  2359 | D:3      | HP: 1/47 [ice beast (13)]
  2361 | D:3      | Slain by an ice beast

Illustrated notes

Levels and vault maps discovered:
D:1:      mrwooster_arrival_statue, layout_basic, minmay_pentomino_w2
D:2:      layout_rooms, fedhas_altar_1, nemelex_xobeh_ov_fountains_minmay,
          uniq_robin
D:3:      layout_basic, nicolae_ashenzari_panopticon

Skill      XL: |  1  2  3  4  5  6 |
---------------+-------------------+-----
Shields        | 4 5 |  5.3
Axes           | 3 4 5 |  5.1
Fighting       | |  3.2
Armour         | |  3.2

Action                   |  1- 3 |  4- 6 || total
-------------------------+-------+-------++-------
Melee: War axe           |   106 |   218 ||   324
 Abil: Dig               |     2 |     5 ||     7
Evoke: Wand              |       |     1 ||     1
  Use: Potion            |     1 |       ||     1
       Scroll            |       |    10 ||    10
Armor: Scale mail        |    52 |    33 ||    85
       Chain mail        |       |    45 ||    45
Dodge: Dodged            |    32 |    62 ||    94
Block: Kite shield       |    55 |    95 ||   150

Table legend: (Time is in decaauts)
 A = Elapsed time spent in this place.
 B = Non-inter-level travel time spent in this place.
 C = Inter-level travel time spent in this place.
 D = Time resting spent in this place.
 E = Time spent auto-exploring this place.
 F = Levels seen in this place.
 G = Mean time per level.
                   A        B        C        D        E       F      G
               +--------+--------+--------+--------+--------+-----+--------+
         Total |   2489 |   2454 |     35 |    808 |    844 |   3 |  829.7 |
       Dungeon |   2489 |   2454 |     35 |    808 |    844 |   3 |  829.7 |
               +--------+--------+--------+--------+--------+-----+--------+

Top non-repeatable levels by time:
     D:3: 907 daAuts
     D:2: 876 daAuts
     D:1: 705 daAuts
